 Dungeon Crawl Stone Soup version 0.26.0-3-g156281e41b (webtiles) character file.

Game seed: 5838735507401945977

193 Nolbo the Changer (level 5, -2/36 HPs)
             Began as an Octopode Transmuter on Jan 10, 2021.
             Was an Initiate of Elyvilon.
             Slain by a human zombie (8 damage)
             ... in an ossuary.
             The game lasted 00:05:09 (2602 turns).

Nolbo the Changer (Octopode Transmuter)             Turns: 2602, Time: 00:05:11

Health: -2/36      AC:  1    Str:  9    XL:     5   Next: 72%
Magic:  10/10      EV: 13    Int: 17    God:    Elyvilon [......]
Gold:   176        SH:  0    Dex: 12    Spells: 4/10 levels left

rFire    + . .     SeeInvis .     - Unarmed
rCold    + . .     Faith    .   (no shield)
rNeg     . . .     Spirit   .   (helmet restricted)
rPois    +         Reflect  .   (no amulet)
rElec    +         Harm     .   (no ring)
rCorr    +         Rampage  .   (no ring)
Will     .....                  (no ring)
Stlth    ++........             (no ring)
HPRegen  0.12/turn              (no ring)
MPRegen  0.12/turn              (no ring)
                                (no ring)
                                (no ring)

@: resistant
A: almost no armour, stealthy swim, amphibious, 8 rings, constrict 8, camouflage
1, gelatinous body 1
a: Renounce Religion


You were in an ossuary.
You worshipped Elyvilon.
Elyvilon was noncommittal.
You visited 2 branches of the dungeon, and saw 5 of its levels.
You also visited: Ossuary.

You collected 176 gold pieces.

Inventory:

Wands
 g - a wand of paralysis (6)
Scrolls
 a - a scroll of identify
 b - a scroll of blinking
 c - a scroll of teleportation
 d - a scroll of fear
Potions
 f - a potion of mutation {unknown}
 h - a potion of attraction {unknown}


   Skills:
 + Level 3.1 Fighting
 - Level 2.0 Dodging
 - Level 3.0 Unarmed Combat
 + Level 3.4 Spellcasting
 + Level 3.6 Transmutations


You had 4 spell levels left.
You knew the following spells:

 Your Spells              Type           Power        Failure   Level
a - Beastly Appendage     Tmut           30%          3%          1
b - Wereblood             Tmut           15%          5%          2
c - Spider Form           Tmut/Pois      4%           24%         3

Your spell library contained the following spells:

 Spells                   Type           Power        Failure   Level
 Ice Form                 Ice/Tmut       9%           61%         4
 Blade Hands              Tmut           7%           71%         5


Dungeon Overview and Level Annotations

Branches:
Dungeon (4/15)             Temple (1/1) D:4         Ossuary (1/1)

Altars:
Ashenzari
Elyvilon
Gozag
Hepliaklqana
Kikubaaqudgha
Makhleb
Nemelex Xobeh
Qazlal
Vehumet
Wu Jian
Yredelemnul
Zin
The Shining One

Annotations:
D:4 Eustachio


Innate Abilities, Weirdness & Mutations

You cannot wear most types of armour.
You are very stealthy in the water. (Stealth+)
You are amphibious.
You can wear up to eight rings at the same time.
You can use your tentacles to constrict eight enemies at once.
Your skin changes colour to match your surroundings (Stealth+).
Your rubbery body absorbs attacks. (AC +1, EV +1)


Message History

You barely miss the gnoll zombie. You grab the gnoll zombie.
Your tentacle spike disappears.
You constrict the big kobold zombie. You constrict the gnoll zombie.
You constrict the human zombie.
The big kobold zombie barely misses you.
The human zombie hits you! The gnoll zombie barely misses you.
It was a potion of magic.
Magic courses through your body.
You constrict the big kobold zombie. You constrict the gnoll zombie.
You constrict the human zombie. The big kobold zombie hits you.
* * * LOW HITPOINT WARNING * * *
The human zombie hits you.
* * * LOW HITPOINT WARNING * * *
The gnoll zombie barely misses you.
It was a potion of resistance.
You feel protected.
You constrict the big kobold zombie. You constrict the gnoll zombie.
You constrict the human zombie.
The big kobold zombie closely misses you.
The human zombie hits you!
You die...

###### .#.#.#.
##### .......
##...## .......
##.....###.......
#................
#..∩.∩...ZZ......
#........@Z......
##.....###.......
##...## .......
##### .......
.#.#.#. #### #


You could see a gnoll zombie, a big kobold zombie and a human zombie.

Vanquished Creatures
  Ijyb (D:3)
  A big kobold zombie (Ossuary)
  A hound skeleton (D:3)
  A mummy (Ossuary)
  Robin (D:3)
  2 adders
  4 gnolls (D:3)
  An ooze (D:3)
  An orc (D:3)
  3 giant cockroaches
  17 goblins
  4 hobgoblins (D:3)
  2 quokkas (D:2)
  A ball python (D:2)
  8 bats
  3 frilled lizards
  A gnoll zombie (Ossuary)
  A hobgoblin zombie (Ossuary)
  A kobold (D:2)
  An orc zombie (Ossuary)
  4 rats
59 creatures vanquished.

Notes
Turn   | Place    | Note
-------+----------+-------------------------------------------
     0 | D:1      | Nolbo the Octopode Transmuter began the quest for the Orb.
     0 | D:1      | Reached XP level 1. HP: 13/13 MP: 3/3
    78 | D:1      | You fall into a shaft and drop 1 floor!
   440 | D:2      | Reached XP level 2. HP: 18/18 MP: 5/5
   794 | D:2      | Learned a level 2 spell: Wereblood
   843 | D:2      | Reached XP level 3. HP: 3/24 MP: 6/6
  1173 | D:3      | Found an opulent altar of Gozag.
  1423 | D:3      | Reached XP level 4. HP: 25/29 MP: 6/8
  1508 | D:3      | Noticed Ijyb
  1524 | D:3      | Paralysed by Ijyb for 2 turns
  1533 | D:3      | Killed Ijyb
  1660 | D:3      | Reached XP level 5. HP: 28/35 MP: 9/9
  1804 | D:3      | Found a radiant altar of Vehumet.
  1959 | D:3      | Noticed Robin
  2135 | D:3      | Killed Robin
  2242 | D:3      | Learned a level 3 spell: Spider Form
  2259 | D:4      | Found a staircase to the Ecumenical Temple.
  2268 | Temple   | Entered the Ecumenical Temple
  2284 | Temple   | Became a worshipper of Elyvilon the Healer
  2315 | D:4      | Noticed Eustachio
  2409 | D:4      | Found a sand-covered staircase.
  2427 | Ossuary  | Entered an ossuary
  2602 | Ossuary  | Slain by a human zombie

Illustrated notes

Levels and vault maps discovered:
D:1:      onia_arrival_pentagram, layout_basic, minmay_misc_feat_pillars
D:2:      layout_rooms, chequers_garden
D:3:      kennysheep_the_goblin_king, layout_rooms, lemuel_crystal_altar,
          grunt_gozag_breadcrumbs, uniq_robin
D:4:      layout_rooms, kennysheep_mini_moat, minmay_temple_entry_junction_2,
          nicolae_ossuary_entry_ruins, nemelex_spade_bored_becter,
          uniq_eustachio
Temple:   cyrus_circular_temple
Ossuary:  minmay_ossuary_gauntlet

Skill      XL: |  1  2  3  4  5 |
---------------+----------------+-----
Fighting       | 2 3 |  3.1
Transmutations | 3 |  3.6
Spellcasting   | 3 |  3.4
Dodging        | |  2.0
Unarmed Combat | |  3.0

Action                   |  1- 3 |  4- 6 || total
-------------------------+-------+-------++-------
Melee: Unarmed           |    62 |    96 ||   158
       Constrict         |    22 |    31 ||    53
       Tentacles         |    12 |    20 ||    32
       Punch             |     2 |     4 ||     6
       Kick              |     2 |    16 ||    18
 Cast: Beastly Appendage |     1 |     7 ||     8
       Wereblood         |       |     3 ||     3
  Use: Scroll            |       |     3 ||     3
       Potion            |       |     2 ||     2
 Stab: Sleeping          |     2 |     1 ||     3
       Distracted        |       |     1 ||     1
Armor: Skin              |     8 |     5 ||    13
Dodge: Dodged            |    57 |    48 ||   105
